 Dungeon Crawl Stone Soup version 0.31-a0-108-gdf935468f2 (webtiles) character file.

Game seed: 10845790657794570414

2460 sanka the Geomancer (level 9, -1/45 HPs)
             Began as a Kobold Earth Elementalist on May 27, 2023.
             Slain by a killer bee (6 damage)
             ... on level 7 of the Dungeon.
             The game lasted 00:10:22 (6993 turns).

sanka the Geomancer (Kobold Earth Elementalist)     Turns: 6993, Time: 00:10:23

Health: -1/45      AC:  6    Str:  5    XL:     9   Next: 79%
Magic:  4/13       EV: 15    Int: 20    God:
Gold:   318        SH:  0    Dex: 16    Spells: 8/14 levels left

rFire   . . .        H - +8 whip of Dampot {drain, Stlth+}
rCold   + . .        c - orb {*channel}
rNeg    . . .        x - +0 robe {Will+}
rPois   .            (no helmet)
rElec   .            (no cloak)
rCorr   .            (no gloves)
SInv    .            (no boots)
Will    +....        (no amulet)
Stlth   ++++         a - +4 ring of protection
HPRegen 0.27/turn    y - ring of protection from cold
MPRegen 0.13/turn

%: channel magic (20%)
@: lethally poisoned (-1 -> -3)
A: small, no large weapons, nightstalker 3
a: no special abilities


You were on level 7 of the Dungeon.
You visited 2 branches of the dungeon, and saw 8 of its levels.

You collected 318 gold pieces.


Innate Abilities, Weirdness & Mutations

You are small and have problems with some larger weapons.
You are completely attuned to the shadows.


   Skills:
 - Level 2.4 Dodging
 - Level 2.6 Stealth
 - Level 3.0 Spellcasting
 + Level 6.9 Conjurations
 - Level 1.0 Transmutations
 + Level 10.6 Earth Magic


You had 8 spell levels left.
You knew the following spells:

 Your Spells              Type           Power      Damage    Failure   Level
x - Stone Arrow           Conj/Erth      76%        3d11      5%          3
z - Sandblast             Erth           90%        2d19      2%          1
N - Passwall              Tmut/Erth      21%        N/A       8%          2

Your spell library contained the following spells:

 Spells                   Type           Power      Damage    Failure   Level
 Beastly Appendage        Tmut           14%        N/A       24%         1
 Petrify                  Tmut/Erth      26%        N/A       30%         4
 Wereblood                Tmut           7%         N/A       32%         2
 Cigotuvi's Dreadful Rot  Necr/Pois/Air  6%         N/A       43%         2
 Lesser Beckoning         Tloc           6%         N/A       43%         2
 Spider Form              Tmut/Pois      5%         N/A       56%         3
 Gell's Gravitas          Tloc           3%         N/A       61%         3
 Teleport Other           Tloc           3%         N/A       61%         3
 Dispel Undead            Necr           3%         3d7       92%         4
 Death Channel            Necr           1%         N/A       100%        6

Inventory:

Hand Weapons
 g - a +0 falchion
 u - a +3 spear of venom
 D - a +0 orcbow
 H - the +8 whip of Dampot (weapon) {drain, Stlth+}

   Stlth:     It makes you more stealthy.
Missiles
 A - a throwing net {=f}
Armour
 c - an orb of energy (worn)
 r - the +5 ring mail "Hoschodei" {*Corrode Dex+7}

   Dex:       It affects your dexterity (+7).
   *Corrode:  It may corrode you when you take damage.
 x - a +0 robe of willpower (worn)
Jewellery
 a - a +4 ring of protection (left hand)
 y - a ring of protection from cold (right hand)
 E - a ring of resist corrosion
Wands
 s - a wand of acid (11)
 C - a wand of polymorph (12)
Scrolls
 f - 2 scrolls of fog
 h - 2 scrolls of fear
 j - a scroll of enchant weapon {unknown}
 l - 3 scrolls of enchant armour
 t - a scroll of silence {unknown}
 v - 2 scrolls of torment {!r}
 F - a scroll of immolation {unknown}
 G - 2 scrolls of poison {!r}
 I - a scroll of teleportation {unknown}
Potions
 b - a potion of magic
 d - 4 potions of curing {unknown}
 e - 3 potions of attraction {unknown}
 k - a potion of heal wounds {unknown}
 m - 2 potions of invisibility
 n - 2 potions of enlightenment {unknown}
 o - 2 potions of ambrosia {unknown}
 p - a potion of lignification {unknown}
 q - a potion of cancellation {unknown}
 w - a potion of berserk rage {unknown}
 z - 2 potions of degeneration {unknown}
 B - a potion of haste {@q3}

Dungeon Overview and Level Annotations

Branches:
Dungeon (7/15)             Temple (1/1) D:4

Altars:
Ashenzari
Cheibriados
Elyvilon
Fedhas
Gozag
Hepliaklqana
Kikubaaqudgha
Makhleb
Nemelex Xobeh
Okawaru
Qazlal
Ru
Sif Muna
Trog
Wu Jian
Xom
Yredelemnul
Zin
The Shining One

▒▒▒▒......▒▒~♣~
▒▒.....▒▒~P~
▒▒.▒▒▒▒.♣~~~ ▒..▒
▒♣♣~♣♣ ▒.▒▒▒▒.▒▒
▒~♣P~~
..▒▒...▒▒▒♣♣P~P~
▒.......▒.♣~♣~~≈
▒▒▒...▒▒▒...~~~~~≈
▒K...▒▒▒....~♣~≈≈≈
....y▒▒.......~♣~~≈≈≈
†[▒▒▒▒▒▒......♣♣♣~≈≈≈
. ▒......♣♣~≈≈≈≈
▒▒.....♣♣~≈≈≈≈
▒.....♣♣~~≈≈≈
.....~♣~~≈≈≈
.....♣♣~P~≈≈
▒....♣~~~P≈≈


You could see a killer bee.


Message History

Unknown command.
The blast of sand hits the ice beast!
The ice beast is almost dead.
You feel very sick. The killer bee barely misses you.
The killer bee stings you.
* * * LOW HITPOINT WARNING * * *
The ice beast closely misses you. The killer bee completely misses you.
The blast of sand hits the ice beast!
You kill the ice beast!
Magical energy flows into your mind!
You feel sick. The killer bee misses you. The killer bee stings you.
* * * LOW HITPOINT WARNING * * *
The killer bee misses you.
Unknown command.
The blast of sand misses the killer bee.
You feel sick. The killer bee stings you!
* * * LOW HITPOINT WARNING * * *
The killer bee closely misses you. The killer bee misses you.
The blast of sand hits the killer bee!
The killer bee is severely wounded.
You feel sick.
The killer bee stings you but does no damage.
The killer bee stings you.
You die...

Action                     |  1- 3 |  4- 6 |  7- 9 || total
---------------------------+-------+-------+-------++-------
  Melee: Spear             |       |       |     1 ||     1
   Cast: Sandblast         |    43 |    50 |   143 ||   236
    Use: Scroll            |       |       |     5 ||     5
 Armour: Robe              |     1 |       |    14 ||    15
  Dodge: Dodged            |     2 |     7 |    57 ||    66

Levels and vault maps discovered:
D:1:      dpeg_arrival_refuge, layout_rooms, st_stairs_14
D:2:      layout_basic, uniq_jessica
D:3:      layout_loops_ring, led_sif_pool, fedhas_altar_3,
          mainiacjoe_overflow_six_doors_small, uniq_natasha, uniq_sigmund
D:4:      layout_basic, mainiacjoe_overflow_alcove_4, temple_pool_b,
          minmay_misc_feat_chi, kennysheep_generic_room_15
D:5:      layout_loops_ring, nicolae_ashenzari_skybound, nicolae_half_adder,
          uniq_eustachio, uniq_duvessa, uniq_grinder
D:6:      layout_cave_pools, old_standard_altar
D:7:      layout_layer_cave, lemuel_doored_altar, serial_bayou_lake_a,
          uniq_joseph
Temple:   hellmonk_temple_divided_pantheon

Notes
Turn   | Place    | Note
-------+----------+-------------------------------------------
     0 | D:1      | sanka the Kobold Earth Elementalist began the quest for the
                  | Orb.
     0 | D:1      | Reached XP level 1. HP: 10/10 MP: 3/3
   104 | D:1      | Reached XP level 2. HP: 15/15 MP: 1/5
   480 | D:1      | Reached XP level 3. HP: 19/19 MP: 5/7
   483 | D:1      | Learned a level 2 spell: Passwall
   487 | D:1      | Learned a level 3 spell: Stone Arrow
   580 | D:1      | Reached skill level 3 in Spellcasting
   948 | D:2      | Reached skill level 4 in Earth Magic
  1053 | D:2      | Reached XP level 4. HP: 24/24 MP: 6/8
  1127 | D:2      | Noticed Jessica
  1130 | D:2      | Killed Jessica
  1997 | D:3      | Noticed Sigmund
  2000 | D:3      | Killed Sigmund
  2001 | D:3      | Reached skill level 6 in Earth Magic
  2001 | D:3      | Reached XP level 5. HP: 23/28 MP: 6/9
  2001 | D:3      | Reached XP level 6. HP: 27/32 MP: 6/10
  2084 | D:3      | Found a blossoming altar of Fedhas.
  2344 | D:3      | Found a burning altar of Makhleb.
  2553 | D:3      | Noticed Natasha
  2554 | D:3      | Killed Natasha
  2669 | D:3      | Noticed Natasha
  2674 | D:3      | Killed Natasha
  2748 | D:3      | Found a shimmering blue altar of Sif Muna.
  2820 | D:3      | Noticed Natasha
  2824 | D:3      | Killed Natasha
  2923 | D:4      | Identified the +5 ring mail "Hoschodei" {*Corrode Dex+7}
  3173 | D:4      | Identified the +0 dagger of Melee {drain, rC+}
  3255 | D:4      | Reached skill level 7 in Earth Magic
  3258 | D:4      | Reached XP level 7. HP: 36/36 MP: 7/11
  4060 | D:4      | Found a bloodstained altar of Trog.
  4165 | D:4      | Found a staircase to the Ecumenical Temple.
  4171 | Temple   | Entered the Ecumenical Temple
  4174 | Temple   | Found a transporter.
  4174 | Temple   | Found a transporter.
  4176 | Temple   | Found a transporter.
  4176 | Temple   | Found a transporter.
  4444 | D:5      | Entered Level 5 of the Dungeon
  4471 | D:5      | Noticed Grinder
  4472 | D:5      | Noticed Dowan
  4474 | D:5      | Noticed Duvessa
  4484 | D:5      | Killed Grinder
  4485 | D:5      | Reached skill level 2 in Conjurations
  4485 | D:5      | Reached skill level 8 in Earth Magic
  4485 | D:5      | Reached XP level 8. HP: 41/41 MP: 8/12
  4487 | D:5      | Noticed Eustachio
  4962 | D:5      | Reached skill level 3 in Conjurations
  5138 | D:5      | Killed Duvessa
  5196 | D:5      | Killed Eustachio
  5197 | D:5      | Reached skill level 4 in Conjurations
  5197 | D:5      | Reached skill level 9 in Earth Magic
  5198 | D:5      | Killed Dowan
  5294 | D:5      | Found a broken altar of Ashenzari.
  5867 | D:6      | Reached XP level 9. HP: 45/45 MP: 10/13
  5970 | D:6      | Reached skill level 5 in Conjurations
  6139 | D:6      | Found a basalt altar of Yredelemnul.
  6174 | D:6      | Identified the +8 whip of Dampot {drain, Stlth+}
  6285 | D:6      | Reached skill level 10 in Earth Magic
  6557 | D:7      | Reached skill level 6 in Conjurations
  6993 | D:7      | Slain by a killer bee

Vanquished Creatures
  Grinder (D:5)
  Sigmund (D:3)
  Eustachio (D:5)
  Duvessa (D:5)
  A black bear (D:5)
  A sky beast (D:6)
  An ice beast (D:7)
  A kobold brigand (D:6)
  A phantom (D:5)
  A bullfrog (D:6)
  Dowan (D:5)
  9 killer bees (D:7)
  3 electric eels (D:7)
  A gnoll bouda (D:4)
  An orc priest (D:7)
  A jelly (D:6)
  2 hounds (D:6)
  Jessica (D:2)
  3 iguanas
  Natasha (thrice) (D:3)
  6 orc wizards
  12 gnolls
  12 adders
  2 white imps (D:5)
  A worm (D:2)
  A dart slug (D:3)
  12 orcs
  10 bats
  8 endoplasms
  A giant cockroach (D:4)
  10 goblins
  4 hobgoblins
  2 jackals (D:2)
  10 kobolds
  3 quokkas
  6 ball pythons
  5 frilled lizards
  7 rats
147 creatures vanquished.
